 Dungeon Crawl Stone Soup version 0.30-a0-696-g2367cd0 (webtiles) character file.

Game seed: 13200057562924816090

6600 milkiemew the Cleaver (level 10, -2/76 HPs)
             Began as a Demonspawn Gladiator on Jan 20, 2023.
             Was an Elder of Trog.
             Slain by a spriggan
             ... wielding a +0 trident
              (12 damage)
             ... in a bailey.
             The game lasted 00:26:38 (7443 turns).

milkiemew the Cleaver (Demonspawn Gladiator)        Turns: 7443, Time: 00:26:39

Health: -2/76      AC: 21    Str: 25    XL:     10   Next: 71%
Magic:  10/10      EV: 12    Int: 10    God:    Trog [****..]
Gold:   574        SH:  4    Dex: 14    Spells: 9/9 levels left

rFire   . . .      SeeInvis .    L - +1 morningstar (protect)
rCold   . . .      Faith    .    (no shield)
rNeg    . . .      Spirit   .    m - +0 scale mail
rPois   .          Reflect  .    c - +0 helmet
rElec   .          Harm     .    E - +0 cloak
rCorr   .          Rampage  .    (gloves unavailable)
Will    +....                    f - +0 pair of boots
Stlth   +                        r - amulet of magic regeneration
HPRegen 0.32/turn                i - +6 ring of strength
MPRegen 0.52/turn                F - ring of willpower

@: mighty, on berserk cooldown, hasted and slowed
A: slimy green scales 1, icemail 2, condensation shield, demonic touch 3
a: Renounce Religion, Berserk, Trog's Hand, Brothers in Arms


You were in a bailey.
You worshipped Trog.
Trog was greatly pleased with you.
You visited 2 branches of the dungeon, and saw 10 of its levels.
You also visited: Sewer, Ossuary and Bailey.

You collected 574 gold pieces.

Inventory:

Hand Weapons
 a - a +0 war axe
 s - a +1 hand axe of venom
 J - a +0 halberd
 K - a +1 battleaxe of freezing
 L - a +1 morningstar of protection (weapon)
 M - a +0 dire flail
 R - a +1 halberd
Missiles
 d - 2 throwing nets
 e - 2 javelins (quivered)
 h - 3 poisoned darts
Armour
 b - a +0 leather armour
 c - a +0 helmet (worn)
 f - a +0 pair of boots (worn)
 m - a +0 scale mail (worn)
 E - a +0 cloak (worn)
 Q - a +0 pair of boots
Jewellery
 i - a +6 ring of strength (left hand)
 j - a ring of poison resistance
 k - a +6 ring of intelligence
 n - a ring of see invisible
 r - an amulet of magic regeneration (around neck)
 F - a ring of willpower (right hand)
 G - a ring of positive energy
Wands
 p - a wand of digging (5)
 q - a wand of flame (39)
 A - a wand of mindburst (45)
Scrolls
 l - 2 scrolls of identify
 u - 3 scrolls of fog
 v - 3 scrolls of magic mapping
 y - 2 scrolls of teleportation
 D - a scroll of fear
 I - 2 scrolls of summoning
 P - a scroll of noise {unknown}
Potions
 o - a potion of haste
 t - 5 potions of lignification
 w - a potion of mutation
 x - 2 potions of cancellation
 z - 2 potions of curing
 C - a potion of resistance
 H - a potion of brilliance
 N - 2 potions of attraction
Miscellaneous
 O - a phial of floods


   Skills:
 + Level 5.7 Fighting
 + Level 10.3 Axes
 + Level 4.0 Throwing
 + Level 6.5 Armour
 + Level 5.6 Dodging
 + Level 1.7 Stealth
 + Level 4.0 Shields


You had 9 spell levels left.
You didn't know any spells.
Your spell library was empty.

Dungeon Overview and Level Annotations

Branches:
Dungeon (9/15)             Temple (1/1) D:5           Sewer (visited)
Ossuary (visited)          Bailey (1/1)
   Lair: D:8-11         Orc: D:9-12

Altars:
Cheibriados
Dithmenos
Fedhas
Gozag
Hepliaklqana
Kikubaaqudgha
Makhleb
Okawaru
Ru
Sif Muna
Trog
Uskayaw
Vehumet
Wu Jian
Xom
Yredelemnul


Innate Abilities, Weirdness & Mutations

You are partially covered in slimy green scales. (AC +2)
A meltable icy envelope protects you from harm. (AC +8)
A meltable shield of frost defends you. (SH +4)
Your touch may irresistibly damage your foes and sap their willpower.


Message History

You closely miss the spriggan.
You are no longer berserk.
You are exhausted.
You feel yourself slow down. The spriggan closely misses you.
The spriggan hits you but does no damage.
You feel very mighty all of a sudden.
The spriggan hits you but does no damage. x2
The spriggan completely misses you.
The spriggan hits you from afar with a +0 spear.
* * * LOW HITPOINT WARNING * * *
You closely miss the spriggan. The spriggan closely misses you.
The spriggan hits you but does no damage.
You hit the spriggan. Your punch misses the spriggan.
The spriggan is moderately wounded.
The spriggan closely misses you.
The spriggan hits you with a +0 trident.
* * * LOW HITPOINT WARNING * * *
The spriggan misses you.
The spriggan hits you but does no damage.
You closely miss the spriggan. Your touch misses the spriggan.
You punch the spriggan.
The spriggan is heavily wounded.
The spriggan hits you but does no damage. x3
The spriggan barely misses you.
You closely miss the spriggan.
The spriggan is heavily wounded.
The spriggan misses you.
The spriggan hits you with a +0 trident.
* * * LOW HITPOINT WARNING * * *
The spriggan hits you but does no damage.
The spriggan barely misses you.
You miss the spriggan. Your touch misses the spriggan.
The spriggan is heavily wounded.
The spriggan hits you from afar with a +0 spear.
* * * LOW HITPOINT WARNING * * *
The spriggan completely misses you.
The spriggan hits you but does no damage. x2
You feel yourself speed up. The spriggan closely misses you.
The spriggan hits you with a +0 trident!
You die...

##..##
#..
##..##
#.
#..♣#
#..#
#..#
#..#
#..#
#..#
#.@#
##)i#
##i.#
#...
#...
#.(..
####


You could see 2 spriggans.

Vanquished Creatures
  3 two-headed ogres (D:9)
  Joseph (D:7)
  A hornet (D:9)
  2 spriggans (Bailey)
  A wyvern (D:9)
  4 water moccasins
  2 ice beasts (D:6)
  2 black bears
  6 ogres
  3 centaurs
  A phantom (D:6)
  A bullfrog (D:8)
  5 scorpions
  4 necrophages
  10 wights
  5 killer bees (D:9)
  4 centaur zombies (Ossuary)
  3 jellies
  A gnoll bouda (D:7)
  An orc priest (D:9)
  2 hounds
  4 iguanas
  Terence (D:3)
  4 orc wizards
  7 mummies
  5 gnolls (D:7)
  2 river rats (D:4)
  11 adders
  A white imp (D:6)
  3 worms
  4 dart slugs
  22 orcs
  5 ball pythons
  4 endoplasms
  7 giant cockroaches
  6 goblins
  7 hobgoblins
  10 jackals
  2 quokkas
  8 bats
  A frilled lizard (D:3)
  7 hobgoblin zombies
  4 kobolds
  A kobold zombie (D:4)
  5 rats
193 creatures vanquished.

Vanquished Creatures (collateral kills)
  A kobold (D:3)
1 creature vanquished.

Vanquished Creatures (others)
  3 withered plants (D:2)
3 creatures vanquished.

Grand Total: 197 creatures vanquished

Notes
Turn   | Place    | Note
-------+----------+-------------------------------------------
     0 | D:1      | milkiemew the Demonspawn Gladiator began the quest for the
                  | Orb.
     0 | D:1      | Reached XP level 1. HP: 16/16 MP: 1/1
   309 | D:1      | Gained mutation: Your touch may inflict minor irresistible
                  | damage on your foes. [demonic ancestry]
   309 | D:1      | Reached XP level 2. HP: 22/22 MP: 2/2
   603 | D:1      | Reached skill level 3 in Axes
   859 | D:2      | Found a faded altar of an unknown god.
   876 | D:2      | Prayed at the altar of an unknown god.
   876 | D:2      | Became a worshipper of Trog the Wrathful
   876 | D:2      | Reached * piety under Trog
  1097 | D:2      | Reached XP level 3. HP: 27/27 MP: 3/3
  1839 | D:3      | Reached skill level 1 in Armour
  1979 | D:3      | Noticed Terence
  1986 | D:3      | Reached XP level 4. HP: 33/33 MP: 4/4
  1990 | D:3      | Killed Terence
  2377 | D:4      | Noticed a necrophage
  2387 | D:4      | Reached ** piety under Trog
  2399 | D:4      | Killed a necrophage
  2400 | D:4      | Reached skill level 4 in Axes
  2400 | D:4      | Gained mutation: A meltable shield of frost defends you.
                  | (SH +4) [demonic ancestry]
  2400 | D:4      | Reached XP level 5. HP: 32/39 MP: 5/5
  2518 | D:4      | Found a glowing drain.
  2526 | Sewer    | Entered a sewer
  2561 | Sewer    | Noticed a water moccasin
  2571 | Sewer    | Killed a water moccasin
  2572 | Sewer    | Gained mutation: Your touch may inflict irresistible damage
                  | on your foes. [demonic ancestry]
  2572 | Sewer    | Reached XP level 6. HP: 33/46 MP: 6/6
  2730 | D:4      | Found a sand-covered staircase.
  2737 | Ossuary  | Entered an ossuary
  2746 | Ossuary  | Reached skill level 1 in Shields
  2759 | Ossuary  | Reached skill level 5 in Axes
  2769 | Ossuary  | Gained mutation: You are partially covered in slimy green
                  | scales. (AC +2) [demonic ancestry]
  2769 | Ossuary  | Reached XP level 7. HP: 32/51 MP: 7/7
  2771 | Ossuary  | Reached *** piety under Trog
  3824 | D:5      | Entered Level 5 of the Dungeon
  3838 | D:5      | Found a shadowy altar of Dithmenos.
  3857 | D:5      | Reached skill level 6 in Axes
  3941 | D:5      | Gained mutation: A meltable icy envelope protects you from
                  | harm. (AC +8) [demonic ancestry]
  3941 | D:5      | Reached XP level 8. HP: 47/58 MP: 8/8
  4169 | D:5      | Found a staircase to the Ecumenical Temple.
  4179 | Temple   | Entered the Ecumenical Temple
  4702 | D:6      | Reached skill level 7 in Axes
  4702 | D:6      | Reached skill level 1 in Stealth
  4953 | D:6      | Reached **** piety under Trog
  5437 | D:7      | Gained mutation: A meltable icy envelope protects you from
                  | harm. (AC +8) [demonic ancestry]
  5437 | D:7      | Reached XP level 9. HP: 66/66 MP: 9/9
  5569 | D:7      | Reached skill level 8 in Axes
  5609 | D:7      | Noticed Joseph
  5620 | D:7      | Killed Joseph
  5670 | D:7      | Reached skill level 5 in Fighting
  6103 | D:8      | Found a bloodstained altar of Trog.
  6335 | D:8      | Reached skill level 9 in Axes
  6335 | D:8      | Reached skill level 5 in Armour
  6767 | D:9      | Noticed a two-headed ogre
  6792 | D:9      | Killed a two-headed ogre
  6793 | D:9      | Gained mutation: Your touch may irresistibly damage your
                  | foes and sap their willpower. [demonic ancestry]
  6793 | D:9      | Reached XP level 10. HP: 35/74 MP: 10/10
  6851 | D:9      | Reached skill level 5 in Dodging
  7022 | D:9      | Noticed a two-headed ogre
  7032 | D:9      | Killed a two-headed ogre
  7095 | D:9      | Found a flagged portal.
  7122 | D:9      | Noticed a two-headed ogre
  7131 | D:9      | Killed a two-headed ogre
  7132 | D:9      | Reached skill level 10 in Axes
  7271 | Bailey   | Entered a bailey
  7443 | Bailey   | Slain by a spriggan

Illustrated notes

Levels and vault maps discovered:
D:1:      matt_arrival_grand_opening, layout_loops_ring,
          minmay_misc_feat_pillars
D:2:      layout_basic, shapermc_ecumenical_altar_flowoftime
D:3:      layout_rooms, small_statue_alley_b, grunt_decor_fettered, uniq_terence
D:4:      layout_basic, lightli_sewer_entry_pipes, nicolae_ossuary_entry_giza
D:5:      layout_basic, nicolae_dithmenos_through_a_glass_darkly,
          lemuel_temple_firewalk_a
D:6:      layout_gridville
D:7:      layout_rooms, uniq_joseph
D:8:      layout_basic, trog_hazing_becter, minivault_19
D:9:      layout_roguey, kennysheep_mini_moat, enter_bailey_5
Temple:   nicolae_temple_bog_church
Bailey:   bailey_polearm_enchanted_keep_hellmonk, bailey

Skill      XL: |  1  2  3  4  5  6  7  8  9 10 |
---------------+-------------------------------+-----
Axes           | 3 4 5 6 7 9 10 | 10.3
Dodging        | 3 4 5 |  5.6
Armour         | 1 2 3 4 5 6 |  6.5
Throwing       | 2 3 4 |  4.0
Shields        | 1 2 3 4 |  4.0
Fighting       | 3 4 5 |  5.7
Stealth        | 1 |  1.7

Action                   |  1- 3 |  4- 6 |  7- 9 | 10-12 || total
-------------------------+-------+-------+-------+-------++-------
Melee: War axe           |    82 |   105 |   182 |       ||   369
       Punch             |     2 |     2 |     1 |     2 ||     7
       Touch             |     9 |    15 |    36 |     2 ||    62
       Battleaxe         |       |       |    81 |    83 ||   164
       Morningstar       |       |       |       |    21 ||    21
Throw: Javelin           |       |     4 |    34 |     7 ||    45
       Throwing net      |       |     1 |     2 |     4 ||     7
       Dart              |       |       |       |     1 ||     1
Invok: Berserk           |       |     1 |     2 |     4 ||     7
  Use: Scroll            |     3 |     4 |     7 |       ||    14
       Potion            |     4 |     2 |     3 |     6 ||    15
 Stab: Held in net/web   |       |       |     1 |       ||     1
Armor: Leather armour    |    39 |     1 |       |       ||    40
       Scale mail        |       |    73 |   140 |    86 ||   299
Dodge: Dodged            |    58 |   118 |   166 |    76 ||   418
Block: Other             |       |    17 |    64 |    33 ||   114

Table legend: (Time is in decaauts)
 A = Elapsed time spent in this place.
 B = Non-inter-level travel time spent in this place.
 C = Inter-level travel time spent in this place.
 D = Time resting spent in this place.
 E = Time spent auto-exploring this place.
 F = Levels seen in this place.
 G = Mean time per level.
                   A        B        C        D        E       F      G
               +--------+--------+--------+--------+--------+-----+--------+
         Total |   7690 |   7385 |    305 |      0 |   5108 |  13 |  591.5 |
       Dungeon |   7018 |   6738 |    280 |      0 |   4916 |   9 |  779.8 |
        Temple |    234 |    209 |     25 |      0 |    134 |   1 |  234.0 |
         Sewer |    148 |    148 |      0 |      0 |     58 |   1 |  148.0 |
       Ossuary |    112 |    112 |      0 |      0 |      0 |   1 |  112.0 |
        Bailey |    177 |    177 |      0 |      0 |      0 |   1 |  177.0 |
               +--------+--------+--------+--------+--------+-----+--------+

Top non-repeatable levels by time:
     D:4: 1301 daAuts
     D:2: 1116 daAuts
     D:9: 728 daAuts
     D:8: 715 daAuts
     D:6: 658 daAuts
     D:3: 655 daAuts
     D:5: 631 daAuts
     D:1: 627 daAuts
     D:7: 584 daAuts
  Temple: 234 daAuts
  Bailey: 177 daAuts
   Sewer: 148 daAuts
 Ossuary: 112 daAuts
